 Dungeon Crawl Stone Soup version 0.29-a0-972-g43c84944fd (console) character file.

Game seed: 8314867408312529420

24 CannotBeFrozen the Slasher (level 3, 27/27 HPs)
             Began as a Human Gladiator on July 31, 2022.
             Was a Believer of Yredelemnul.
             Quit the game on level 1 of the Dungeon.
             The game lasted 00:03:13 (612 turns).

CannotBeFrozen the Slasher (Human Gladiator)         Turns: 612, Time: 00:03:14

Health: 27/27      AC:  6    Str: 14    XL:     3   Next: 15%
Magic:  3/3        EV: 11    Int: 10    God:    Yredelemnul [**....]
Gold:   47         SH:  0    Dex: 14    Spells: 2/2 levels left

rFire   . . .      SeeInvis .   a - +0 long sword
rCold   . . .      Faith    .   (no shield)
rNeg    . . .      Spirit   .   i - +0 ring mail
rPois   .          Reflect  .   c - +0 helmet
rElec   .          Harm     .   (no cloak)
rCorr   .          Rampage  .   (no gloves)
Will    .....                   (no boots)
Stlth   +.........              (no amulet)
HPRegen 0.09/turn               (no ring)
MPRegen 0.08/turn               (no ring)

@: no status effects
A: no striking features
a: Renounce Religion, Recall Undead Harvest, Dark Bargain


You were on level 1 of the Dungeon.
You worshipped Yredelemnul.
Yredelemnul was noncommittal.
You visited 1 branch of the dungeon, and saw 1 of its levels.

You collected 47 gold pieces.

Inventory:

Hand Weapons
 a - a +0 long sword (weapon)
Missiles
 d - 3 throwing nets {=f=F}
 e - a javelin
 h - 27 stones (quivered)
Armour
 c - a +0 helmet (worn)
 i - a +0 ring mail (worn)
Scrolls
 g - a scroll of noise {unknown}
 j - a scroll of fear {unknown}
 k - a scroll of summoning {unknown}
 l - a scroll of identify {unknown}
 m - a scroll of vulnerability {unknown}
Potions
 b - a potion of attraction {unknown}
 f - a potion of cancellation {unknown}


   Skills:
 - Level 2.0 Fighting
 + Level 4.1 Long Blades
 - Level 2.0 Throwing
 - Level 3.0 Dodging


You had 2 spell levels left.
You didn't know any spells.
Your spell library contained the following spells:

 Spells                   Type           Power      Damage    Failure   Level
 Apportation              Tloc           0%         N/A       61%         1
 Necrotise                Necr           0%         1d4       61%         1
 Summon Small Mammal      Summ           0%         N/A       61%         1
 Cause Fear               Hex            0%         N/A       100%        4
 Dragon Form              Tmut           0%         N/A       100%        7
 Dragon's Call            Summ           0%         N/A       100%        9


Dungeon Overview and Level Annotations

Branches:
Dungeon (1/15)

Altars:
Yredelemnul


Message History

The bat hits you but does no damage.
Your bat zombie barely misses the bat. x2
Your bat zombie hits the bat but does no damage.
Your bat zombie completely misses the bat.
Your bat zombie hits the bat but does no damage.
You swap places.
The bat hits you but does no damage.
Your bat zombie hits the bat but does no damage.
Your bat zombie closely misses the bat.
Your bat zombie barely misses the bat.
You swap places.
The bat closely misses you.
You swap places.
The bat hits your bat zombie.
Your bat zombie barely misses the bat.
Your bat zombie closely misses the bat.
You see here a scroll labelled WUEZA FASYRCH.
You swap places.
The bat barely misses your bat zombie.
Your bat zombie hits the bat.
Your bat zombie hits the bat but does no damage.
The bat hits your bat zombie.
Your bat zombie is destroyed!
Your bat zombie misses the bat.
The bat hits your bat zombie.
Your bat zombie barely misses the bat.
You swap places.
The bat hits you.
Your bat zombie completely misses the bat.
Your bat zombie hits the bat but does no damage.
The bat barely misses your bat zombie.
Your bat zombie closely misses the bat.
HP: 26/27 (-1) ===========- You miss the bat.
The bat is severely wounded.
The bat barely misses you.
Your bat zombie hits the bat.
The bat dies!
No target in view!
No target in view!
You swap places.
m - a scroll labelled WUEZA FASYRCH You swap places.
You swap places.
You swap places.
You swap places.
You swap places.
You swap places.
You swap places.
You swap places.
You swap places.
You swap places.
Found a stone staircase leading down.
Are you sure you want to abandon this character and quit the game? (Confirm with "yes".)

#.. #..))..## #...#
..#........######## #...
#.......## ##... #....^...#
#... #........#### #..##
#........# #....
#...........## ##.#
#........# #....
#...#.###.#..# #.. #........#
#....###............# ##.
#........#
#..........#.###.#..####
#.........
##........#.#$#.#.....#
#........#.###.#....Z#
#..................ZZ#####...
#........#.###.#...ZZ@.....>.
#..................ZZ#######.
#.........##.......ZZ#
#.........#########Z##
#.........# #Z#
#.........#########Z#
#########..........Z#
#############


You could see a friendly bat zombie, 3 friendly ball python zombies, 2 friendly
rat zombies, a friendly quokka zombie, a friendly jackal zombie, a friendly
endoplasm zombie, 2 friendly hobgoblin zombies and a friendly kobold zombie.

Vanquished Creatures
  A bat (D:1)
  A giant cockroach (D:1)
  A goblin (D:1)
  2 hobgoblins (D:1)
  2 jackals (D:1)
  3 ball pythons (D:1)
  A frilled lizard (D:1)
  4 kobolds (D:1)
  A rat (D:1)
16 creatures vanquished.

Vanquished Creatures (collateral kills)
  An endoplasm (D:1)
  A goblin (D:1)
  A jackal (D:1)
  2 ball pythons (D:1)
  A bat (D:1)
  3 rats (D:1)
9 creatures vanquished.

Vanquished Creatures (others)
  A bat zombie (D:1)
  A giant cockroach zombie (D:1)
2 creatures vanquished.

Grand Total: 27 creatures vanquished

Notes
Turn   | Place    | Note
-------+----------+-------------------------------------------
     0 | D:1      | CannotBeFrozen the Human Gladiator began the quest for the
                  | Orb.
     0 | D:1      | Reached XP level 1. HP: 16/16 MP: 1/1
   171 | D:1      | Found a faded altar of an unknown god.
   206 | D:1      | Prayed at the altar of an unknown god.
   206 | D:1      | Became a worshipper of Yredelemnul the Dark
   206 | D:1      | Reached * piety under Yredelemnul
   216 | D:1      | Reached XP level 2. HP: 16/22 MP: 2/2
   477 | D:1      | Reached ** piety under Yredelemnul
   560 | D:1      | Reached skill level 4 in Long Blades
   560 | D:1      | Reached XP level 3. HP: 26/27 MP: 3/3
   612 | D:1      | Quit the game

Illustrated notes

Levels and vault maps discovered:
D:1:      heliophobic_arrival_ceremonial_halls, layout_basic,
          nicolae_ecumenical_snake_handling, minmay_surrounded

Skill      XL: |  1  2 |
---------------+-------+-----
Long Blades    | 4 |  4.1
Fighting       | |  2.0
Throwing       | |  2.0
Dodging        | |  3.0

Action                   || total
-------------------------++-------
Melee: Long sword        ||    40
Armor: Leather armour    ||    12
       Ring mail         ||    10
Dodge: Dodged            ||    31

Table legend: (Time is in decaauts)
 A = Elapsed time spent in this place.
 B = Non-inter-level travel time spent in this place.
 C = Inter-level travel time spent in this place.
 D = Time resting spent in this place.
 E = Time spent auto-exploring this place.
 F = Levels seen in this place.
 G = Mean time per level.
                   A        B        C        D        E       F      G
               +--------+--------+--------+--------+--------+-----+--------+
         Total |    620 |    620 |      0 |      0 |    378 |   1 |  620.0 |
       Dungeon |    620 |    620 |      0 |      0 |    378 |   1 |  620.0 |
               +--------+--------+--------+--------+--------+-----+--------+

Top non-repeatable levels by time:
     D:1: 620 daAuts
